 Dungeon Crawl Stone Soup version 0.26.1-11-gd32895ea62 (webtiles) character file.

Game seed: 3836970139264829876

583989 Riddle the End of an Era (level 27, -2/218 HPs)
             Began as a Gnoll Fighter on May 7, 2021.
             Was the Champion of Qazlal.
             Killed by the air
             ... invoked by a titan
              (14 damage)
             ... on level 5 of the Vaults on May 20, 2021.
             The game lasted 04:00:44 (76161 turns).

Riddle the End of an Era (Gnoll Fighter)           Turns: 76161, Time: 04:00:45

Health: -2/218     AC: 39    Str: 32    XL:     27
Magic:  41/44      EV: 23    Int: 12    God:    Qazlal [******]
Gold:   2314       SH: 41    Dex: 27    Spells: 60/60 levels left

rFire    + + +     SeeInvis +   N - +14 obsidian axe {vorpal, +Fly SInv *Curse}
rCold    + + .     Faith    .   A - +8 tower shield {reflect}
rNeg     + . .     Spirit   .   x - +10 plate armour {ponderous}
rPois    +         Reflect  +   o - +0 helmet of Vepnoper {rN+}
rElec    +         Harm     .   r - +2 cloak {rCorr}
rCorr    +         Rampage  .   G - +0 pair of fencer's gloves {Riposte Dex+3}
Will     ++...     Clarity  +   Z - +0 pair of boots "Qiryveixta" {rElec rPois rC+ Dex+4}
Stlth    +.........             D - amulet of regeneration
HPRegen  0.46/turn              E - +6 ring of strength
MPRegen  0.29/turn              C - ring of Mistrust {Wiz rF+++ Dex+3 Slay-2}

@: resistant, mesmerised, repel missiles, slow
A: distributed training, fangs 1, iridescent scales 1, clarity, weak 1, wild
magic 1, strong nose
}: 3/15 runes: decaying, serpentine, slimy
a: Renounce Religion, Evoke Flight, Upheaval, Elemental Force, Disaster Area


You were on level 5 of the Vaults.
You worshipped Qazlal.
Qazlal was exalted by your worship.
You visited 10 branches of the dungeon, and saw 50 of its levels.
You visited the Abyss 3 times.
You also visited: Bailey, Gauntlet and Ice Cave.

You collected 6928 gold pieces.
You spent 4614 gold pieces at shops.

Inventory:

Hand Weapons
 l - the +8 demon trident "Rift" {distort, reach+}
   (You found it on level 2 of the Depths)

   It warps and distorts space around it.
   Unwielding it can cause banishment or high damage.
 N - the +14 obsidian axe (weapon) {vorpal, +Fly SInv *Curse}
   (You acquired it on level 1 of the Snake Pit)

   It inflicts extra damage upon your enemies.
   It lets you see invisible.
   It lets you fly.
   It curses itself when equipped.
Armour
 o - the +0 helmet of Vepnoper (worn) {rN+}
   (You took it off Robin on level 2 of the Dungeon)

   It protects you from negative energy.
 r - a +2 cloak of preservation (worn)
 x - a +10 plate armour of ponderousness (worn)
 A - a +8 tower shield of reflection (worn)
 G - the +0 pair of fencer's gloves (worn) {Riposte Dex+3}
   (You found it on level 2 of the Vaults)

   It affects your dexterity (+3).
 Z - the +0 pair of boots "Qiryveixta" (worn) {rElec rPois rC+ Dex+4}
   (You found it on level 3 of the Elven Halls)

   It affects your dexterity (+4).
   It protects you from cold.
   It insulates you from electricity.
   It protects you from poison.
Jewellery
 C - the ring of Mistrust (right hand) {Wiz rF+++ Dex+3 Slay-2}
   (You bought it in a shop on level 2 of the Snake Pit)

   [ring of wizardry]

   It improves your spell success rate.
   It affects your dexterity (+3).
   It affects your accuracy and damage with ranged weapons and melee attacks
   (-2).
   It renders you almost immune to fire.
 D - an amulet of regeneration (around neck)
 E - a +6 ring of strength (left hand)
 H - an uncursed amulet of reflection
Wands
 a - a wand of random effects (30)
 j - a wand of digging (45)
 t - a wand of iceblast (35)
 y - a wand of enslavement (13)
 B - a wand of acid (38)
 F - a wand of polymorph (33)
 L - a wand of flame (89)
 Q - a wand of paralysis (40)
 R - a wand of disintegration (13)
Scrolls
 c - a scroll of torment
 e - 5 scrolls of teleportation
 f - 29 scrolls of identify
 g - 3 scrolls of summoning
 h - 19 scrolls of enchant weapon
 i - 13 scrolls of remove curse
 s - 2 scrolls of blinking
 u - 10 scrolls of amnesia
 w - 8 scrolls of immolation
 J - 6 scrolls of fog
 P - 4 scrolls of fear
 S - 2 scrolls of vulnerability
 V - a scroll of silence
 X - 6 scrolls of magic mapping
Potions
 b - 2 potions of resistance
 d - 2 potions of might
 m - 7 potions of brilliance
 n - a potion of mutation
 q - 7 potions of magic
 v - 6 potions of flight
 z - 6 potions of attraction
 K - 6 potions of lignification
 M - 14 potions of curing
 O - a potion of ambrosia
 U - 6 potions of haste
 W - 5 potions of berserk rage


   Skills:
 + Level 18.2 Fighting
 + Level 17.7 Short Blades
 + Level 17.3 Long Blades
 + Level 17.3 Axes
 + Level 17.3 Maces & Flails
 + Level 17.3 Polearms
 + Level 17.3 Staves
 + Level 17.3 Slings
 + Level 17.3 Bows
 + Level 17.3 Crossbows
 + Level 17.3 Throwing
 + Level 18.2 Armour
 + Level 17.3 Dodging
 + Level 17.3 Stealth
 + Level 18.2 Shields
 + Level 17.3 Unarmed Combat
 + Level 17.3 Spellcasting
 + Level 14.9 Conjurations
 + Level 14.9 Hexes
 + Level 14.9 Summonings
 + Level 14.9 Necromancy
 + Level 14.9 Translocations
 + Level 14.9 Transmutations
 + Level 14.9 Fire Magic
 + Level 14.9 Ice Magic
 + Level 14.9 Air Magic
 + Level 14.9 Earth Magic
 + Level 14.9 Poison Magic
 + Level 18.6 Invocations
 + Level 17.3 Evocations


You had 60 spell levels left.
You didn't know any spells.
Your spell library contained the following spells:

 Spells                   Type           Power        Failure   Level
 Animate Skeleton         Necr           100%         1%          1
 Apportation              Tloc           100%         1%          1
 Corona                   Hex            62%          1%          1
 Freeze                   Ice            100%         1%          1
 Magic Dart               Conj           100%         1%          1
 Shock                    Conj/Air       100%         1%          1
 Summon Small Mammal      Summ           100%         1%          1
 Blink                    Tloc           N/A          1%          2
 Call Imp                 Summ           56%          1%          2
 Corpse Rot               Necr/Air       N/A          1%          2
 Ensorcelled Hibernation  Hex/Ice        100%         1%          2
 Passwall                 Tmut/Erth      46%          1%          2
 Poisonous Vapours        Pois/Air       100%         1%          2
 Slow                     Hex            56%          1%          2
 Swiftness                Air            56%          1%          2
 Call Canine Familiar     Summ           56%          1%          3
 Confusing Touch          Hex            56%          1%          3
 Conjure Flame            Conj/Fire      56%          1%          3
 Dazzling Flash           Conj/Hex       100%         1%          3
 Frozen Ramparts          Ice            100%         1%          3
 Gell's Gravitas          Tloc           28%          1%          3
 Ignite Poison            Fire/Tmut/Pois 56%          1%          3
 Inner Flame              Hex/Fire       56%          1%          3
 Mephitic Cloud           Conj/Pois/Air  56%          1%          3
 Ozocubu's Armour         Ice            56%          1%          3
 Portal Projectile        Hex/Tloc       100%         1%          3
 Spider Form              Tmut/Pois      28%          1%          3
 Static Discharge         Conj/Air       56%          1%          3
 Stone Arrow              Conj/Erth      100%         1%          3
 Summon Guardian Golem    Hex/Summ       56%          1%          3
 Tukima's Dance           Hex            56%          1%          3
 Airstrike                Air            28%          1%          4
 Cause Fear               Hex            28%          1%          4
 Fulminant Prism          Conj/Hex       28%          1%          4
 Hailstorm                Conj/Ice       56%          1%          4
 Ice Form                 Ice/Tmut       56%          1%          4
 Leda's Liquefaction      Hex/Erth       28%          1%          4
 Passage of Golubria      Tloc           N/A          1%          4
 Summon Ice Beast         Ice/Summ       56%          1%          4
 Summon Lightning Spire   Summ/Air       56%          1%          4
 Agony                    Necr           56%          2%          5
 Excruciating Wounds      Necr           28%          2%          5
 Fireball                 Conj/Fire      28%          2%          5
 Iskenderun's Battlesphe  Conj           56%          2%          5
 Lee's Rapid Deconstruct  Erth           28%          2%          5
 Lightning Bolt           Conj/Air       28%          2%          5
 Metabolic Englaciation   Hex/Ice        28%          2%          5
 Silence                  Hex/Air        28%          2%          5
 Summon Demon             Summ           28%          2%          5
 Summon Forest            Summ/Tloc      28%          2%          5
 Yara's Violent Unravell  Hex/Tmut       28%          2%          5
 Conjure Ball Lightning   Conj/Air       28%          11%         6
 Dispersal                Tloc           28%          11%         6
 Eringya's Noxious Bog    Tmut/Pois      28%          11%         6
 Freezing Cloud           Conj/Ice/Air   28%          11%         6
 Hydra Form               Tmut           28%          11%         6
 Invisibility             Hex            56%          11%         6
 Ozocubu's Refrigeration  Ice            28%          11%         6
 Simulacrum               Ice/Necr       28%          11%         6
 Starburst                Conj/Fire      28%          11%         6
 Summon Hydra             Summ           28%          45%         7
 Disjunction              Tloc           28%          97%         8
 Ignition                 Fire           28%          97%         8
 Tornado                  Air            28%          100%        9


Dungeon Overview and Level Annotations

Branches:
Dungeon (15/15)            Temple (1/1) D:4            Lair (6/6) D:10
  Swamp (4/4) Lair:4        Snake (4/4) Lair:2        Slime (5/5) Lair:5
    Orc (2/2) D:9             Elf (3/3) Orc:2        Vaults (5/5) D:13
  Crypt (0/3) Vaults:2     Depths (5/5) D:15            Zot (0/5) Depths:5
 Bailey (visited)           IceCv (visited)         Gauntlet (visited)

Altars:
Ashenzari
Cheibriados
Dithmenos
Elyvilon
Fedhas
Gozag
Hepliaklqana
Kikubaaqudgha
Makhleb
Nemelex Xobeh
Okawaru
Qazlal
Ru
Sif Muna
Trog
Uskayaw
Vehumet
Wu Jian
Xom
Yredelemnul
Zin
The Shining One
Beogh

Shops:
D:13 !   Orc:2 (:[*   Elf:1 (=   Elf:3 [   Snake:1 ?}(   Snake:2 =}=
Vaults:3 !   Vaults:4 [[?![   Depths:2 *}?*

Portals:
Hell: Depths:1 Depths:2 Depths:3 Depths:4 Depths:5
Abyss: Depths:4
Pandemonium: Depths:3 Depths:5
Ziggurat: Depths:3


Innate Abilities, Weirdness & Mutations

Your experience applies equally to all skills.
You have very sharp teeth.
Your uncanny sense of smell can sniff out nearby items.
You are partially covered in iridescent scales. (AC +2)
You possess an exceptional clarity of mind.
You are weak. (Str -2)
Your spells are a little harder to cast, but a little more powerful.


Message History

Unknown command.
Unknown command.
Unknown command.
You are confused.
You feel invigorated.
Visions of slaying the tengu reaver flood into your mind.
Your confusion fades away as the thirst for blood takes over your mind.
You feel less invigorated.
The battlesphere is engulfed in blazing flames.
You block the freezing wraith's attack. x2; The vault warden throws a stone.
You reflect the stone off your +8 tower shield of reflection!
The stone hits the vault warden!!
The tengu reaver hits you with a +0 war axe!
* * * LOW HITPOINT WARNING * * *
The tengu reaver pecks you.
* * * LOW HITPOINT WARNING * * *
You block the tengu reaver's attack.
The titan waves its arms in wide circles.
The air twists around and strikes you!
You die...

∆ ∆ ∆∆ ###
##..## *
###....####
C
##..WQ≈p†[.#
#e
#.○.@CC≈≈...
##(
#.§○°Q§§§.p.
##(C
#...*○....C.
C..≈
############
##.W ...)
.... ....
.... #...


You could see a titan, 2 stone giants, a vault warden, 2 tengu reavers, a vault
sentinel, a freezing wraith and a battlesphere.

Vanquished Creatures
  the Royal Jelly (Slime:5)
  Mara (Swamp:3)
  An ancient lich (Abyss:2)
  Saint Roka (Vaults:1)
  The ghost of wjh11 the Executioner, a veteran MiBe of Trog (Vaults:1)
  A golden dragon (Vaults:5)
  3 bone dragons
  Nikola (Snake:2)
  2 liches
  4 tentacled monstrosities
  2 deep elf blademasters (Elf:3)
  A titan (Vaults:5)
  2 deep elf master archers (Elf:3)
  33 acid blobs
  7 sphinxes
  Agnes (Elf:1)
  Frances (D:12)
  4 shadow dragons
  2 thorn hunters
  Kirke (Snake:2)
  4 tentacled starspawn
  The ghost of Qymaymp the Geomancer, an adept GrEE of Vehumet (D:14)
  3 storm dragons
  3 tengu reavers
  A fenstrider witch (Swamp:4)
  12 nagarajas
  A daeva (Abyss:2)
  15 azure jellies
  5 fire giants
  4 frost giants
  An iron dragon (Depths:4)
  Aizul (Vaults:1)
  Louise (Swamp:3)
  An orc warlord (Orc:1)
  6 deep elf sorcerers
  A draconian scorcher (Depths:5)
  A draconian shifter (Depths:5)
  A curse skull (Vaults:2)
  2 ghouls (Vaults:2)
  9 deep elf elementalists
  11 vault wardens
  26 very ugly things
  20 stone giants
  4 spriggan defenders
  14 ironheart preservers
  4 vampire knights
  3 starcursed masses (Abyss:3)
  Nessos (Lair:4)
  2 green draconians (Depths:5)
  9 deep elf demonologists
  A yellow draconian (Depths:5)
  2 black draconians
  7 bunyips
  3 purple draconians (Depths:5)
  Azrael (Elf:2)
  7 deep elf annihilators
  A lorocyproca (Abyss:3)
  3 minotaurs
  A red draconian (Depths:5)
  2 entropy weavers
  11 ettins
  2 merfolk javelineers
  7 eleionomae
  10 fire dragons
  5 deep elf high priests
  8 deep elf death magi (Elf:3)
  16 death oozes
  Josephine (D:12)
  10 ice dragons
  2 merfolk impalers (Depths:4)
  12 yaktaur captains
  2 hell beasts
  11 great orbs of eyes
  13 hydras
  34 vault guards
  5 rakshasas
  8 naga warriors
  5 spriggan air magi
  2 ghost crabs (Swamp:4)
  4 boulder beetles
  14 ogre magi
  9 centaur warriors
  2 death knights
  5 deep troll shamans
  21 anacondas
  25 dancing weapons
  4 death yaks (D:12)
  6 tengu warriors
  5 deep troll earth magi
  32 two-headed ogres
  2 vampire magi
  11 alligators
  An orc high priest (Orc:2)
  5 spriggan berserkers
  12 naga sharpshooters
  Urug (D:10)
  Nergalle (D:11)
  11 shock serpents
  13 deep elf knights
  11 small abominations
  A sun demon (Depths:5)
  3 skeletal warriors (Depths:1)
  A hell knight (Depths:2)
  4 wretched stars
  7 unseen horrors
  2 shadow wraiths
  An unseen horror (shapeshifter) (Vaults:5)
  13 deep trolls
  4 salamander mystics
  4 goliath frogs
  A spatial maelstrom (Abyss:2)
  7 iron trolls
  5 flayed ghosts
  4 sixfirhies
  4 glowing orange brains
  3 swamp dragons
  9 large abominations
  3 spriggan druids
  A gelid demonspawn (Depths:3)
  4 wizards
  9 naga ritualists
  2 tengu zombies (Depths:1)
  13 ironbrand convokers
  7 bog bodies
  5 spectral hydras (Swamp:4)
  3 necromancers
  17 deep elf archers
  19 orc knights
  6 phantasmal warriors
  12 harpies
  A fire giant zombie (Vaults:2)
  7 shining eyes
  9 orc sorcerers
  3 wolf spiders
  A faun (shapeshifter) (D:15)
  17 salamanders
  32 deep elf magi
  12 mana vipers
  19 elephants
  5 cyclopes
  5 will-o-the-wisps
  36 ugly things
  8 manticores
  An iron dragon skeleton (Abyss:2)
  A human skeleton (Vaults:2)
  16 naga magi
  6 guardian serpents
  A moth of wrath (shapeshifter) (Vaults:3)
  A rust devil (Depths:1)
  7 vault sentinels
  An eye of devastation (shapeshifter) (Vaults:5)
  5 centaur skeletons
  An apocalypse crab (Abyss:3)
  Psyche (D:9)
  5 eyes of devastation
  14 cane toads
  6 smoke demons
  A minotaur zombie (Gauntlet)
  5 spectral swamp worms (Depths:5)
  31 black mambas
  A gargoyle (D:14)
  An orange demon (Abyss:3)
  A tormentor (Depths:2)
  A komodo dragon (shapeshifter) (Vaults:5)
  5 rime drakes
  A kobold demonologist (Depths:4)
  4 swamp worm zombies (Swamp:4)
  72 yaktaurs
  3 efreet
  5 komodo dragons
  7 freezing wraiths
  8 polar bears
  A red devil (Depths:1)
  4 tengu conjurers
  A troll (shapeshifter) (Vaults:2)
  4 ancient zymes
  2 hellwings
  3 hydra zombies (Swamp:4)
  9 trolls
  3 meliai (D:15)
  A meliai (shapeshifter) (Depths:3)
  A queen bee (D:15)
  A jumping spider (Vaults:5)
  Grinder (D:5)
  6 raiju
  8 tyrant leeches
  5 alligator zombies (Swamp:4)
  171 slime creatures
  3 spectral swamp dragons (Swamp:4)
  2 raiju (shapeshifter)
  17 hornets
  18 blink frogs
  A frost giant simulacrum (Vaults:2)
  A centaur simulacrum (D:15)
  14 flying skulls
  4 redbacks
  An ettin zombie (Vaults:2)
  24 spriggans
  2 air elementals
  A spriggan (shapeshifter) (Depths:3)
  3 shadows
  16 water elementals
  2 tarantellas (shapeshifter)
  5 wyverns
  An ettin skeleton (Depths:1)
  37 yaks
  2 tarantellas
  5 wraiths
  2 hogs (shapeshifter)
  6 chaos spawn
  3 hogs (Snake:2)
  3 golden eyes (shapeshifter)
  11 vampire mosquitoes
  7 golden eyes
  10 fire elementals (Elf:2)
  A neqoxec (Abyss:2)
  A spatial vortex (Abyss:2)
  15 swamp worms
  A soldier ant (D:12)
  A warg (shapeshifter) (Vaults:2)
  8 wargs
  24 nagas
  An acid dragon (D:11)
  6 hell hounds
  14 water moccasins
  A tengu skeleton (Depths:1)
  49 orc warriors
  5 swamp drakes
  7 ice beasts
  3 sky beasts
  4 black bears
  4 swamp dragon zombies (Swamp:4)
  8 eyes of draining
  3 human zombies (Vaults:1)
  41 ogres
  An ogre (shapeshifter) (Depths:2)
  17 boggarts
  A tengu (shapeshifter) (Depths:2)
  7 phantoms
  31 centaurs
  36 wolves
  5 big kobolds
  An elf simulacrum (Vaults:2)
  17 bullfrogs
  A gnoll sergeant (D:9)
  2 earth elementals
  5 scorpions
  A hornet simulacrum (Vaults:1)
  A wyvern skeleton (D:11)
  A howler monkey (D:4)
  24 killer bees
  16 wights
  An orc simulacrum (Vaults:1)
  4 electric eels
  2 centaur zombies
  A bullfrog zombie (D:5)
  3 quasits
  22 orc priests
  2 bullfrog skeletons
  2 gnoll shamans
  11 hounds
  19 jellies
  An iron imp (Abyss:3)
  14 orc wizards
  Ijyb (D:3)
  Jessica (D:3)
  Terence (D:2)
  Natasha (thrice) (D:3)
  6 iguanas
  13 worker ants
  A lightning spire (Gauntlet)
  A hell rat (Depths:2)
  A statue (D:5)
  3 hound zombies
  Robin (D:2)
  2 howler monkey zombies
  27 gnolls
  A howler monkey skeleton (D:6)
  23 adders
  A shadow imp (D:7)
  2 white imps
  3 ufetubi
  4 oozes
  2 adder zombies
  6 worms
  2 dart slugs
  3 leopard geckos
  92 orcs
  5 bats
  A giant cockroach (D:5)
  9 hobgoblins
  5 jackals
  5 quokkas
  4 frilled lizards
  20 goblins
  37 kobolds
  11 rats
  8 crawling corpses
  A starspawn tentacle (Abyss:3)
2339 creatures vanquished.

Vanquished Creatures (collateral kills)
  Asterion (Vaults:2)
  A titan (Vaults:5)
  A shadow dragon (Vaults:5)
  A nagaraja (Snake:4)
  An iron dragon (Vaults:5)
  A frost giant (Vaults:4)
  6 vault wardens
  A deep elf sorcerer (Vaults:5)
  3 very ugly things (Vaults:3)
  A stone giant (Vaults:4)
  An ettin (Vaults:4)
  A yaktaur captain (Vaults:4)
  An ogre mage (Vaults:2)
  A great orb of eyes (Vaults:4)
  7 vault guards
  2 naga warriors (Snake:4)
  2 anacondas (Snake:4)
  A shock serpent (Snake:2)
  5 two-headed ogres
  A naga sharpshooter (Snake:4)
  A deep elf knight (Vaults:3)
  A salamander mystic (Snake:2)
  A flayed ghost (Abyss:2)
  4 ironbrand convokers
  A deep elf archer (Vaults:2)
  A harpy (Vaults:3)
  2 naga ritualists
  4 deep elf magi
  9 ugly things
  3 salamanders
  2 black mambas
  3 vault sentinels
  2 guardian serpents (Snake:4)
  2 ice statues (IceCv)
  6 naga magi
  A freezing wraith (Vaults:5)
  8 yaktaurs
  A chaos spawn (Abyss:3)
  2 nagas (Snake:4)
  2 ice beasts (IceCv)
  2 orc warriors (Vaults:2)
  2 ogres
  2 orc priests (Vaults:2)
  An orc wizard (Vaults:2)
  A small abomination (Abyss:3)
  An orc (Vaults:3)
  A crawling corpse (Vaults:5)
105 creatures vanquished.

Vanquished Creatures (others)
  A nagaraja (Snake:4)
  A fire giant (Depths:3)
  An ironheart preserver (Vaults:5)
  A war gargoyle (Vaults:5)
  Fannar (D:11)
  A ghost crab (Swamp:4)
  A hydra (Swamp:4)
  A wretched star (Abyss:3)
  A sixfirhy (Abyss:2)
  A phantasmal warrior (Swamp:4)
  A deep elf mage (Vaults:3)
  A black mamba (Snake:2)
  8 bloated husks (Swamp:4)
  A tyrant leech (Swamp:4)
  A spriggan (Swamp:4)
  A golden eye (shapeshifter) (Vaults:1)
  A vampire mosquito (Swamp:4)
  A swamp worm (Swamp:4)
  A floating eye (shapeshifter) (D:15)
  2 swamp drakes
  A human (D:5)
  A centaur (D:15)
  3 briar patches (Swamp:4)
  A demonic plant (Gauntlet)
  14 foxfires
  44 fungi
  A lurking horror (Abyss:2)
  99 plants
  4 starspawn tentacles
  5 toadstools (D:1)
201 creatures vanquished.

Grand Total: 2645 creatures vanquished

Notes
Turn   | Place    | Note
-------+----------+-------------------------------------------
     0 | D:1      | Riddle the Gnoll Fighter began the quest for the Orb.
     0 | D:1      | Reached XP level 1. HP: 23/23 MP: 1/1
   253 | D:1      | Reached XP level 2. HP: 29/29 MP: 2/2
   666 | D:2      | Noticed Terence
   690 | D:2      | Killed Terence
   691 | D:2      | Reached skill level 1 in Invocations
   691 | D:2      | Reached XP level 3. HP: 19/35 MP: 2/4
   867 | D:2      | Found an ornate altar of the Wu Jian Council.
   945 | D:2      | Reached skill level 1 in Long Blades
   945 | D:2      | Reached skill level 1 in Axes
   945 | D:2      | Reached skill level 1 in Maces & Flails
   945 | D:2      | Reached skill level 1 in Polearms
   945 | D:2      | Reached skill level 1 in Staves
   945 | D:2      | Reached skill level 1 in Slings
   945 | D:2      | Reached skill level 1 in Bows
   945 | D:2      | Reached skill level 1 in Crossbows
   945 | D:2      | Reached skill level 1 in Throwing
   945 | D:2      | Reached skill level 1 in Dodging
   945 | D:2      | Reached skill level 1 in Stealth
   945 | D:2      | Reached skill level 1 in Unarmed Combat
   945 | D:2      | Reached skill level 1 in Spellcasting
   945 | D:2      | Reached skill level 1 in Evocations
  1067 | D:2      | Reached XP level 4. HP: 41/41 MP: 5/5
  1414 | D:2      | Found an iron altar of Okawaru.
  1416 | D:2      | Identified the +0 helmet of Vepnoper {rN+}
  1416 | D:2      | Noticed Robin
  1453 | D:2      | Reached skill level 1 in Conjurations
  1453 | D:2      | Reached skill level 1 in Hexes
  1453 | D:2      | Reached skill level 1 in Summonings
  1453 | D:2      | Reached skill level 1 in Necromancy
  1453 | D:2      | Reached skill level 1 in Translocations
  1453 | D:2      | Reached skill level 1 in Transmutations
  1453 | D:2      | Reached skill level 1 in Fire Magic
  1453 | D:2      | Reached skill level 1 in Ice Magic
  1453 | D:2      | Reached skill level 1 in Air Magic
  1453 | D:2      | Reached skill level 1 in Earth Magic
  1453 | D:2      | Reached skill level 1 in Poison Magic
  1472 | D:2      | Killed Robin
  1825 | D:3      | Noticed Natasha
  1830 | D:3      | Killed Natasha
  1831 | D:3      | Reached XP level 5. HP: 40/47 MP: 5/7
  2153 | D:3      | Noticed Jessica
  2156 | D:3      | Killed Jessica
  2244 | D:3      | Found a basalt altar of Yredelemnul.
  2291 | D:3      | Found a shimmering blue altar of Sif Muna.
  2379 | D:3      | Noticed Ijyb
  2391 | D:3      | Killed Ijyb
  2455 | D:3      | Noticed Natasha
  2464 | D:3      | Killed Natasha
  2465 | D:3      | Reached XP level 6. HP: 42/53 MP: 8/8
  2698 | D:3      | Reached skill level 5 in Short Blades
  2890 | D:3      | Noticed Natasha
  2896 | D:3      | Killed Natasha
  3285 | D:4      | Reached XP level 7. HP: 48/59 MP: 10/10
  3520 | D:4      | Found a sacrificial altar of Ru.
  3577 | D:4      | Found a staircase to the Ecumenical Temple.
  3753 | Temple   | Entered the Ecumenical Temple
  3813 | Temple   | Became a worshipper of Qazlal Stormbringer
  3872 | D:5      | Entered Level 5 of the Dungeon
  3873 | D:5      | Noticed Grinder
  3882 | D:5      | Killed Grinder
  3995 | D:5      | Reached XP level 8. HP: 67/67 MP: 12/12
  4300 | D:5      | Found a burning altar of Makhleb.
  4464 | D:5      | Found a radiant altar of Vehumet.
  4805 | D:5      | Found an ancient bone altar of Kikubaaqudgha.
  5307 | D:6      | Found a shadowy altar of Dithmenos.
  5989 | D:6      | Reached * piety under Qazlal
  6485 | D:7      | Reached XP level 9. HP: 71/73 MP: 14/14
  7494 | D:6      | Got a scorched mace
  7495 | D:6      | Identified the +5 mace of Anxiety {freeze, +Blink Str+4
                  | Stlth+} (You found it on level 6 of the Dungeon)
  7673 | D:6      | Got an ichor-stained halberd
  7679 | D:6      | Identified the +9 halberd "Bueguufat" {elec, +Blink Str+5
                  | Int-3} (You found it on level 6 of the Dungeon)
  8406 | D:7      | Noticed a moth of wrath
  8409 | D:7      | Found a bloodstained altar of Trog.
  8593 | D:8      | Reached skill level 5 in Invocations
  8698 | D:8      | Reached ** piety under Qazlal
  8894 | D:8      | Reached XP level 10. HP: 66/80 MP: 17/17
  9337 | D:9      | Found a staircase to the Orcish Mines.
  9392 | D:9      | Reached skill level 5 in Long Blades
  9392 | D:9      | Reached skill level 5 in Axes
  9392 | D:9      | Reached skill level 5 in Maces & Flails
  9392 | D:9      | Reached skill level 5 in Polearms
  9392 | D:9      | Reached skill level 5 in Staves
  9392 | D:9      | Reached skill level 5 in Slings
  9392 | D:9      | Reached skill level 5 in Bows
  9392 | D:9      | Reached skill level 5 in Crossbows
  9392 | D:9      | Reached skill level 5 in Throwing
  9392 | D:9      | Reached skill level 5 in Dodging
  9392 | D:9      | Reached skill level 5 in Stealth
  9392 | D:9      | Reached skill level 5 in Unarmed Combat
  9392 | D:9      | Reached skill level 5 in Spellcasting
  9392 | D:9      | Reached skill level 5 in Evocations
  9845 | D:9      | Found a roughly hewn altar of Beogh.
  9940 | D:9      | Noticed a cyclops
  9946 | D:9      | Killed a cyclops
  9946 | D:9      | Reached *** piety under Qazlal
 10079 | D:9      | Noticed a two-headed ogre
 10084 | D:9      | Killed a two-headed ogre
 10175 | D:9      | Identified the +8 hand crossbow "Ypueryan" {flame, Dex+2}
 10349 | D:9      | Noticed Psyche
 10357 | D:9      | Killed Psyche
 10657 | D:9      | Found an ancient bone altar of Kikubaaqudgha.
 10729 | D:9      | Found a shimmering altar of Xom.
 10729 | D:9      | Found a sacrificial altar of Ru.
 10741 | D:10     | Entered Level 10 of the Dungeon
 10761 | D:10     | Reached XP level 11. HP: 49/87 MP: 19/19
 10870 | D:10     | Found a flagged portal.
 10877 | Bailey   | Entered a bailey
 11011 | Bailey   | Reached **** piety under Qazlal
 11044 | Bailey   | Noticed an orc knight
 11053 | Bailey   | Killed an orc knight
 11073 | Bailey   | Reached skill level 5 in Conjurations
 11073 | Bailey   | Reached skill level 5 in Hexes
 11073 | Bailey   | Reached skill level 5 in Summonings
 11073 | Bailey   | Reached skill level 5 in Necromancy
 11073 | Bailey   | Reached skill level 5 in Translocations
 11073 | Bailey   | Reached skill level 5 in Transmutations
 11073 | Bailey   | Reached skill level 5 in Fire Magic
 11073 | Bailey   | Reached skill level 5 in Ice Magic
 11073 | Bailey   | Reached skill level 5 in Air Magic
 11073 | Bailey   | Reached skill level 5 in Earth Magic
 11073 | Bailey   | Reached skill level 5 in Poison Magic
 11368 | D:10     | Killed an unseen horror
 11490 | D:10     | Found a staircase to the Lair.
 11572 | D:10     | Noticed Urug
 11579 | D:10     | Killed Urug
 12380 | D:11     | Noticed Fannar
 12388 | D:11     | Killed Fannar
 12718 | D:11     | Noticed Nergalle
 12719 | D:11     | Noticed a purple ugly thing
 12724 | D:11     | Killed Nergalle
 12728 | D:11     | Killed a purple ugly thing
 12729 | D:11     | Reached ***** piety under Qazlal
 13208 | D:12     | Noticed a two-headed ogre
 13212 | D:12     | Killed a two-headed ogre
 13235 | D:12     | Noticed an orc knight
 13243 | D:12     | Killed an orc knight
 13244 | D:12     | Reached XP level 12. HP: 96/96 MP: 22/22
 13471 | D:12     | Noticed a two-headed ogre
 13478 | D:12     | Killed a two-headed ogre
 13478 | D:12     | Noticed Josephine
 13493 | D:12     | Killed Josephine
 13780 | D:12     | Noticed Frances
 13789 | D:12     | Killed Frances
 14283 | D:12     | Reached skill level 10 in Fighting
 14283 | D:12     | Reached skill level 10 in Armour
 14283 | D:12     | Reached skill level 10 in Shields
 14596 | D:12     | Noticed a death yak
 14609 | D:12     | Killed a death yak
 14755 | D:12     | Noticed a death yak
 14756 | D:12     | Noticed a minotaur
 14756 | D:12     | Noticed a death yak
 14876 | D:12     | Noticed a death yak
 14926 | D:12     | Noticed a minotaur
 15783 | D:13     | Found Umootur's Distillery.
 15788 | D:13     | Bought a potion of heal wounds for 65 gold pieces
 15788 | D:13     | Bought a potion of curing for 39 gold pieces
 15796 | D:13     | Noticed a tengu warrior
 15800 | D:13     | Found a gate to the Vaults.
 15800 | D:13     | Noticed an ironheart preserver
 15836 | D:12     | Killed a tengu warrior
 15837 | D:12     | Reached XP level 13. HP: 53/103 MP: 24/24
 17184 | D:14     | Reached ****** piety under Qazlal
 17631 | D:14     | Found a runed translucent gate.
 17632 | D:14     | Found a runed translucent gate.
 17633 | D:14     | Found a runed translucent gate.
 17635 | D:14     | Noticed Qymaymp's ghost (adept GrEE)
 18072 | D:15     | Entered Level 15 of the Dungeon
 18799 | D:15     | Reached XP level 14. HP: 105/111 MP: 26/26
 18872 | D:15     | Reached skill level 10 in Short Blades
 19257 | D:15     | Found a staircase to the Depths.
 19557 | Orc:1    | Entered Level 1 of the Orcish Mines
 19845 | Orc:1    | Found a roughly hewn altar of Beogh.
 20027 | Orc:2    | Entered Level 2 of the Orcish Mines
 20030 | Orc:2    | Noticed an orc warlord
 20164 | Orc:1    | Killed an orc warlord
 20320 | D:9      | Reached skill level 10 in Invocations
 20414 | Orc:2    | Found a frozen archway.
 20423 | IceCv    | Entered an ice cave
 20461 | IceCv    | Found a transporter.
 20481 | IceCv    | Found a transporter.
 20701 | Orc:2    | Found a roughly hewn altar of Beogh.
 20725 | Orc:2    | Found Iluurr's General Store.
 20734 | Orc:2    | Bought a scroll of fog for 28 gold pieces
 20941 | Orc:2    | Found Giloxula's Book Shoppe.
 21009 | Orc:2    | Found Avio's Antique Armour Boutique.
 21198 | Orc:2    | Found a staircase to the Elven Halls.
 21207 | Orc:2    | Found Nuqa Joo's Antique Weapon Shop.
 21778 | Depths:1 | Entered Level 1 of the Depths
 21986 | Lair:1   | Entered Level 1 of the Lair of Beasts
 22587 | Lair:1   | You fall into a shaft and drop 1 floor!
 22623 | Lair:2   | Reached XP level 15. HP: 99/119 MP: 28/28
 22706 | Lair:2   | Found a staircase to the Snake Pit.
 23260 | Lair:2   | Got a twisted ring mail
 23261 | Lair:2   | Identified the +4 ring mail of the Moon Troll {rN+ Str+6
                  | Int-5} (You found it on level 2 of the Lair of Beasts)
 23274 | Lair:2   | Lost intelligence.
 23291 | Lair:2   | Reached XP level 16. HP: 127/127 MP: 29/29
 23292 | Lair:2   | Gained mutation: You are agile. (Dex +2) [potion of
                  | mutation]
 23292 | Lair:2   | Gained mutation: You are partially covered in yellow
                  | scales. (AC +2) [potion of mutation]
 23292 | Lair:2   | Gained mutation: You are frail. (-10% HP) [potion of
                  | mutation]
 23292 | Lair:2   | Gained mutation: You possess an exceptional clarity of
                  | mind. [potion of mutation]
 23309 | Lair:2   | Reached skill level 10 in Long Blades
 23309 | Lair:2   | Reached skill level 10 in Axes
 23309 | Lair:2   | Reached skill level 10 in Maces & Flails
 23309 | Lair:2   | Reached skill level 10 in Polearms
 23309 | Lair:2   | Reached skill level 10 in Staves
 23309 | Lair:2   | Reached skill level 10 in Slings
 23309 | Lair:2   | Reached skill level 10 in Bows
 23309 | Lair:2   | Reached skill level 10 in Crossbows
 23309 | Lair:2   | Reached skill level 10 in Throwing
 23309 | Lair:2   | Reached skill level 10 in Dodging
 23309 | Lair:2   | Reached skill level 10 in Stealth
 23309 | Lair:2   | Reached skill level 10 in Unarmed Combat
 23309 | Lair:2   | Reached skill level 10 in Spellcasting
 23309 | Lair:2   | Reached skill level 10 in Evocations
 23388 | Lair:2   | You fall into a shaft and drop 2 floors!
 23388 | Lair:4   | Found a gate leading to a gauntlet.
 23392 | Gauntlet | Entered a Gauntlet
 23392 | Gauntlet | Found a transporter.
 23392 | Gauntlet | Found a transporter.
 23397 | Gauntlet | Found a transporter.
 23412 | Gauntlet | Found a transporter.
 23427 | Gauntlet | Found a transporter.
 23440 | Gauntlet | Found a transporter.
 23456 | Gauntlet | Found a transporter.
 23524 | Gauntlet | Found a transporter.
 23538 | Gauntlet | Found a transporter.
 23552 | Gauntlet | Found a transporter.
 23565 | Gauntlet | Found a transporter.
 23567 | Gauntlet | Found a large runed translucent door.
 23567 | Gauntlet | Found a large runed translucent door.
 23568 | Gauntlet | Found a large runed translucent door.
 23568 | Gauntlet | Found a large runed translucent door.
 23569 | Gauntlet | Found a large runed translucent door.
 23569 | Gauntlet | Found a large runed translucent door.
 23569 | Gauntlet | Found a runed translucent door.
 23569 | Gauntlet | Found a runed translucent door.
 23569 | Gauntlet | Found a large runed translucent door.
 23570 | Gauntlet | Found a large runed translucent door.
 23577 | Gauntlet | Found a large runed translucent door.
 23577 | Gauntlet | Found a large runed translucent door.
 23578 | Gauntlet | Found a large runed translucent door.
 23578 | Gauntlet | Found a large runed translucent door.
 23579 | Gauntlet | Found a large runed translucent door.
 23579 | Gauntlet | Found a large runed translucent door.
 23580 | Gauntlet | Found a runed translucent gate.
 23580 | Gauntlet | Found a runed translucent gate.
 23580 | Gauntlet | Found a runed translucent gate.
 23582 | Gauntlet | Found a transporter.
 23583 | Gauntlet | Found the ring of the Octopus King
 23649 | Gauntlet | Found a transporter.
 23659 | Gauntlet | Found a transporter.
 23665 | Gauntlet | Found a large runed translucent door.
 23666 | Gauntlet | Found a large runed translucent door.
 23681 | Gauntlet | Found a transporter.
 23693 | Gauntlet | Found a transporter.
 24163 | Gauntlet | Got a scorched hand axe
 24169 | Gauntlet | Got a ring of the Octopus King
 24172 | Gauntlet | Identified a ring of the Octopus King {rN+ AC+1 EV+1 Str+1
                  | Int+1 Dex+1} (You found it in a Gauntlet)
 24181 | Gauntlet | Identified the +11 hand axe of Jamo {freeze, rF+} (You
                  | found it in a Gauntlet)
 24383 | Lair:4   | Noticed Nessos
 24618 | Lair:4   | Killed Nessos
 24976 | D:11     | Got a warped mace
 24978 | D:11     | Identified the cursed +1 mace of Ketal {drain, rC+} (You
                  | found it on level 11 of the Dungeon)
 26170 | Lair:4   | Found a staircase to the Swamp.
 27143 | Lair:5   | Found a staircase to the Slime Pits.
 27886 | Lair:6   | Entered Level 6 of the Lair of Beasts
 28232 | Lair:6   | Paralysed by a hornet for 3 turns
 29281 | Slime:1  | Entered Level 1 of the Pits of Slime
 29293 | Slime:1  | Noticed an acid blob
 29311 | Lair:5   | Killed an acid blob
 29356 | Lair:5   | Reached XP level 17. HP: 73/120 MP: 31/31
 30207 | Elf:1    | Entered Level 1 of the Elven Halls
 31196 | Slime:2  | Gained mutation: You are weak. (Str -2) [a shining eye]
 31201 | Slime:2  | Lost mutation: You are agile. (Dex +2) [a shining eye]
 32437 | Slime:1  | Noticed an acid blob
 32439 | Slime:1  | Noticed an acid blob
 32460 | Slime:2  | Killed an acid blob
 32735 | Slime:1  | Killed an acid blob
 33458 | Slime:3  | Noticed an acid blob
 33460 | Slime:3  | Noticed an acid blob
 33472 | Slime:2  | Killed an acid blob
 33778 | Slime:3  | Noticed an acid blob
 33859 | Slime:2  | Killed an acid blob
 34007 | Slime:3  | Noticed an acid blob
 34008 | Slime:3  | Killed an acid blob
 34015 | Slime:3  | Killed an acid blob
 34391 | Slime:3  | Reached XP level 18. HP: 109/128 MP: 13/33
 34781 | Slime:3  | Gained mutation: Scrolls take you a little longer to read.
                  | [a shining eye]
 34873 | Slime:4  | Reached skill level 10 in Conjurations
 34873 | Slime:4  | Reached skill level 10 in Hexes
 34873 | Slime:4  | Reached skill level 10 in Summonings
 34873 | Slime:4  | Reached skill level 10 in Necromancy
 34873 | Slime:4  | Reached skill level 10 in Translocations
 34873 | Slime:4  | Reached skill level 10 in Transmutations
 34873 | Slime:4  | Reached skill level 10 in Fire Magic
 34873 | Slime:4  | Reached skill level 10 in Ice Magic
 34873 | Slime:4  | Reached skill level 10 in Air Magic
 34873 | Slime:4  | Reached skill level 10 in Earth Magic
 34873 | Slime:4  | Reached skill level 10 in Poison Magic
 36585 | Slime:5  | Entered Level 5 of the Pits of Slime
 37169 | Slime:5  | Noticed the Royal Jelly
 38494 | Slime:5  | Killed the Royal Jelly
 38495 | Slime:5  | Reached XP level 19. HP: 108/135 MP: 1/35
 39721 | Slime:5  | Got faintly humming quicksilver dragon scales
 39748 | Slime:5  | Identified the cursed quicksilver dragon scales "Womarore"
                  | {Will+ Dex+4} (You found it on level 5 of the Pits of
                  | Slime)
 39754 | Slime:5  | Got an ichor-stained morningstar
 39761 | Slime:5  | Identified the +8 morningstar "Ciyt" {drain, rC+} (You
                  | found it on level 5 of the Pits of Slime)
 39774 | Slime:5  | Got a slimy rune of Zot
 39838 | Slime:5  | Lost mutation: Scrolls take you a little longer to read.
                  | [potion of mutation]
 39838 | Slime:5  | Lost mutation: You are frail. (-10% HP) [potion of
                  | mutation]
 39838 | Slime:5  | Lost mutation: You are partially covered in yellow scales.
                  | (AC +2) [potion of mutation]
 39838 | Slime:5  | Gained mutation: You are partially covered in iridescent
                  | scales. (AC +2) [potion of mutation]
 39838 | Slime:5  | Gained mutation: You have a pair of small horns on your
                  | head. [potion of mutation]
 39838 | Slime:5  | Gained mutation: Your mind is acute. (Int +2) [potion of
                  | mutation]
 39839 | Slime:5  | Lost mutation: You have a pair of small horns on your head.
                  | [potion of mutation]
 39839 | Slime:5  | Lost mutation: Your mind is acute. (Int +2) [potion of
                  | mutation]
 39839 | Slime:5  | Lost mutation: You are weak. (Str -2) [potion of mutation]
 39839 | Slime:5  | Gained mutation: Your spells are a little harder to cast,
                  | but a little more powerful. [potion of mutation]
 39864 | Slime:5  | Identified Osyrooge's Disquisition on Freezing Evil Arts
 40846 | Elf:1    | Noticed Agnes
 40857 | Elf:1    | Killed Agnes
 40893 | Elf:1    | Found Betepso's Weapon Boutique.
 41095 | Elf:1    | Found Goemar's Jewellery Shoppe.
 41426 | Elf:2    | Noticed Azrael
 41435 | Elf:2    | Killed Azrael
 42309 | Elf:2    | Found a huge runed translucent gate.
 42309 | Elf:2    | Found a huge runed translucent gate.
 42319 | Elf:2    | Found a huge runed translucent gate.
 42320 | Elf:2    | Found a huge runed translucent gate.
 42321 | Elf:2    | Found a huge runed translucent gate.
 45184 | Elf:3    | Entered Level 3 of the Elven Halls
 45423 | Elf:3    | Found Yxomp's Armour Boutique.
 46267 | Elf:3    | Noticed a Hell Sentinel
 46280 | Elf:3    | Noticed a Tzitzimitl
 46293 | Elf:3    | Identified the cursed +1 hand axe of Abuse {vorpal, rElec}
 46770 | Elf:3    | Identified the +2 great sword of Disarray {vorpal, Dex+2
                  | Stlth+}
 46779 | Elf:3    | Reached XP level 20. HP: 159/159 MP: 36/36
 46787 | Elf:3    | Identified the +10 battleaxe of Haoneufox {vorpal, Dex+4}
 46812 | Elf:3    | Identified the +11 battleaxe of Risk Management {drain,
                  | rElec rC+ Int+4}
 46819 | Elf:3    | Noticed a Tzitzimitl
 46838 | Elf:3    | Noticed a Tzitzimitl
 47439 | Elf:3    | Identified the Compendium of Feathery Malediction
 47448 | Elf:3    | Identified The Advanced Guide to Hermeneutics
 47528 | Elf:3    | Got a pair of crude boots
 47539 | Elf:3    | Identified the cursed +0 pair of boots "Qiryveixta" {rElec
                  | rPois rC+ Dex+4} (You found it on level 3 of the Elven
                  | Halls)
 47547 | Elf:3    | Got a fading ring mail
 47548 | Elf:3    | Identified the +1 ring mail of Hubris {rN+ Int+3} (You
                  | found it on level 3 of the Elven Halls)
 47550 | Elf:3    | Identified a scroll of acquirement
 47550 | Elf:3    | Acquired the +0 hat of the Poles {Harm rC- Regen+ Int+6}
 47911 | D:14     | Killed Qymaymp's ghost
 48859 | Depths:1 | Found a gateway to Hell.
 49278 | Depths:2 | Found Nathru's Magic Scroll Shop.
 49278 | Depths:2 | Found Biraoxi's Gadget Boutique.
 49365 | Depths:2 | Found Ymy Wyab's General Store.
 49367 | Depths:2 | Found Fiobreob's Assorted Antiques.
 49406 | Depths:2 | Bought a +1 tower shield of reflection for 256 gold pieces
 49406 | Depths:2 | Bought a scroll of brand weapon for 380 gold pieces
 49430 | Depths:2 | Bought a scroll of enchant armour for 157 gold pieces
 49433 | Depths:2 | Bought a scroll of summoning for 199 gold pieces
 49439 | Depths:2 | Bought a scroll labelled JOAR QOGGUMUMI for 42 gold pieces
 49781 | Depths:2 | Reached XP level 21. HP: 149/166 MP: 38/38
 49960 | Depths:2 | Found the +8 demon trident "Rift" {distort, reach+}
 50537 | Depths:3 | Found a one-way gate leading to the halls of Pandemonium.
 51454 | Depths:3 | Found a gateway to a ziggurat.
 51753 | Depths:3 | Found a transporter.
 51782 | Depths:3 | Reached skill level 15 in Fighting
 51782 | Depths:3 | Reached skill level 15 in Armour
 51782 | Depths:3 | Reached skill level 15 in Shields
 52016 | Depths:3 | Paralysed by a vampire knight for 5 turns
 52285 | Depths:3 | Reached skill level 15 in Invocations
 52567 | Depths:3 | Found a radiant altar of Vehumet.
 52577 | Depths:3 | Identified the ring "Somniele" {rN+ Will++ EV+4}
 53071 | Depths:3 | Cast into level 3 of the Abyss (a deep elf sorcerer)
 53116 | Abyss:3  | Identified the Catalogue of Toxic Flight
 53172 | Abyss:3  | Noticed a profane servitor
 53601 | Abyss:4  | Gained mutation: You are weak. (Str -2) [a neqoxec]
 53605 | Depths:3 | Escaped the Abyss
 53605 | Depths:3 | HP: 5/168 [spriggan air mage/the air (18)]
 54256 | Depths:3 | Reached XP level 22. HP: 175/175 MP: 40/40
 56523 | Depths:4 | Found a one-way gate to the infinite horrors of the Abyss.
 56569 | Depths:2 | HP: 3/176 [sphinx/divine providence (10)]
 56992 | Depths:3 | Reached skill level 15 in Short Blades
 57444 | Depths:5 | Entered Level 5 of the Depths
 57873 | Depths:5 | Found a gate to the Realm of Zot.
 58742 | D:12     | Reached XP level 23. HP: 183/183 MP: 41/41
 59141 | Swamp:1  | Entered Level 1 of the Swamp
 60671 | Swamp:3  | Noticed Mara
 60685 | Swamp:3  | Noticed Riddle's illusion
 60757 | Swamp:3  | Killed Mara
 60758 | Swamp:3  | Reached skill level 15 in Long Blades
 60758 | Swamp:3  | Reached skill level 15 in Axes
 60758 | Swamp:3  | Reached skill level 15 in Maces & Flails
 60758 | Swamp:3  | Reached skill level 15 in Polearms
 60758 | Swamp:3  | Reached skill level 15 in Staves
 60758 | Swamp:3  | Reached skill level 15 in Slings
 60758 | Swamp:3  | Reached skill level 15 in Bows
 60758 | Swamp:3  | Reached skill level 15 in Crossbows
 60758 | Swamp:3  | Reached skill level 15 in Throwing
 60758 | Swamp:3  | Reached skill level 15 in Dodging
 60758 | Swamp:3  | Reached skill level 15 in Stealth
 60758 | Swamp:3  | Reached skill level 15 in Unarmed Combat
 60758 | Swamp:3  | Reached skill level 15 in Spellcasting
 60758 | Swamp:3  | Reached skill level 15 in Evocations
 60772 | Swamp:3  | Noticed Louise
 60783 | Swamp:3  | Cast into level 3 of the Abyss (Louise)
 60867 | Abyss:3  | Paralysed by accursed screaming for 2 turns
 60874 | Abyss:3  | Paralysed by accursed screaming for 2 turns
 60891 | Abyss:4  | Found a corrupted altar of Lugonu.
 60893 | Swamp:3  | Escaped the Abyss
 61077 | Swamp:3  | Killed Louise
 61194 | Swamp:3  | Identified the +1 robe of Winter {Int+3 Dex+3}
 61920 | Swamp:4  | Entered Level 4 of the Swamp
 62781 | Swamp:4  | Got a decaying rune of Zot
 63319 | Snake:1  | Entered Level 1 of the Snake Pit
 63442 | Snake:1  | Found Jianka Ronu's Weapon Shop.
 63444 | Snake:1  | Found Gegharod's Gadget Boutique.
 63447 | Snake:1  | Found Istaosmo's Magic Scroll Shop.
 63454 | Snake:1  | Bought a scroll of enchant armour for 105 gold pieces
 63454 | Snake:1  | Bought a scroll of acquirement for 728 gold pieces
 63455 | Snake:1  | Acquired 559 gold pieces
 63457 | Snake:1  | Acquired the +14 obsidian axe {vorpal, +Fly SInv *Curse}
 63458 | Snake:1  | Found the +14 obsidian axe {vorpal, +Fly SInv *Curse}
 64519 | Snake:2  | Reached XP level 24. HP: 192/192 MP: 42/42
 64556 | Snake:2  | Noticed Kirke
 64565 | Snake:2  | Killed Kirke
 64636 | Snake:2  | Found a shimmering altar of Xom.
 64685 | Snake:2  | Found Demoffo's Jewellery Emporium.
 64685 | Snake:2  | Found Kejoneag's Gadget Boutique.
 64687 | Snake:2  | Found Plog's Jewellery Emporium.
 64856 | Snake:2  | Noticed Nikola
 64867 | Snake:2  | Killed Nikola
 66307 | Snake:4  | Entered Level 4 of the Snake Pit
 67500 | Snake:4  | Got a serpentine rune of Zot
 67998 | Vaults:1 | Entered Level 1 of the Vaults
 68278 | Vaults:1 | Found a magical portal.
 68583 | Vaults:1 | Reached XP level 25. HP: 200/200 MP: 42/42
 68729 | Vaults:1 | Noticed Aizul
 68739 | Vaults:1 | Killed Aizul
 68745 | Vaults:1 | Noticed Saint Roka
 68762 | Vaults:1 | Killed Saint Roka
 68992 | Vaults:1 | Found a runed translucent door.
 68992 | Vaults:1 | Noticed wjh11's ghost (veteran MiBe)
 69576 | Vaults:1 | Found an ornate altar of the Wu Jian Council.
 69723 | Vaults:1 | Killed wjh11's ghost
 70710 | Snake:2  | Bought a cursed +6 ring of strength for 777 gold pieces
 70920 | Vaults:2 | Found the +0 pair of fencer's gloves {Riposte Dex+3}
 71007 | Vaults:2 | You fall into a shaft and drop 1 floor!
 71208 | Vaults:3 | Found Lemem's Distillery.
 71303 | Vaults:3 | Bought a potion of heal wounds for 80 gold pieces
 71303 | Vaults:3 | Bought a potion of heal wounds for 80 gold pieces
 72301 | Vaults:2 | Noticed Asterion
 72307 | Vaults:2 | Cast into level 2 of the Abyss (a deep elf demonologist)
 72307 | Abyss:2  | Found a corrupted altar of Lugonu.
 72409 | Abyss:2  | Noticed an ancient lich
 72421 | Abyss:2  | Killed an ancient lich
 72521 | Abyss:2  | Reached XP level 26. HP: 117/209 MP: 43/43
 72701 | Abyss:2  | Paralysed by an orc sorcerer for 4 turns
 72765 | Vaults:2 | Escaped the Abyss
 72781 | Vaults:2 | Killed Asterion
 73313 | Vaults:2 | Found a hide-covered altar of Uskayaw.
 73409 | Vaults:2 | Found a staircase to the Crypt.
 74277 | Vaults:4 | Found Palou's Distillery.
 74296 | Vaults:4 | Found Qaqu's Armour Shop.
 74305 | Vaults:4 | Found Heural's Magic Scroll Emporium.
 74477 | Vaults:4 | Found Yhykketua's Armour Shop.
 74776 | Vaults:4 | Found Coxo's Antique Armour Shop.
 75209 | Vaults:4 | Bought a +10 plate armour of ponderousness for 700 gold
                  | pieces
 75547 | Snake:2  | Bought the ring of Mistrust {Wiz rF+++ Dex+3 Slay-2} for
                  | 978 gold pieces
 75919 | Vaults:5 | Entered Level 5 of the Vaults
 75974 | Vaults:5 | Reached XP level 27. HP: 27/217 MP: 30/44
 76132 | Vaults:5 | HP: 6/217 [titan/the air (32)]
 76161 | Vaults:5 | Killed from afar by a titan

Illustrated notes

Levels and vault maps discovered:
D:1:      ldierk_walled_garden, layout_loops_ring
D:2:      layout_loops_ring, okawaru_trees_1, pdpol_wu_jian_five_deadly_venoms,
          uniq_terence, uniq_robin
D:3:      layout_loops_corners, nicolae_overflow_crystal_walls,
          lemuel_crystal_altar, uniq_ijyb, uniq_jessica, uniq_natasha
D:4:      layout_rooms, minmay_temple_entry_drinking_statues, st_stairs_6,
          nicolae_ru_the_path_less_chosen
D:5:      layout_basic, vehumet_statue, bloody_makhleb, tgw_kikubaaqudgha,
          uniq_grinder
D:6:      layout_layer_cave, overflow_temple_1_default,
          kennysheep_generic_room_7
D:7:      layout_cave_pods, grunt_ministairs_11, eino_tiny_chamber, tgw_trog
D:8:      layout_loops_cross
D:9:      layout_long_grid, chequers_temple_overflow_statue_of_worship,
          minmay_orc_entry_temple_small, basic_altar, library_closet,
          chequers_decorated_corner, uniq_psyche
D:10:     layout_gridville, grunt_lair_entry_orc_guard_hut, enter_bailey_2,
          uniq_urug
D:11:     layout_loops_cross, uniq_nergalle, uniq_fannar
D:12:     fort_yaktaur, layout_loops_ring, special_room [special_room_orc],
          uniq_frances, uniq_josephine
D:13:     layout_loops_corners, skrybe_vaults_entry_preservation, serial_shops,
          kennysheep_little_box
D:14:     layout_basic, ebering_ghost_rock_garden
D:15:     gammafunk_enter_depths_forms, layout_rooms,
          chequers_serial_rivers_small_b, special_room [special_room_bee],
          nrook_mini_backslash
Temple:   cyrus_circular_temple
Lair:1:   layout_regular_city, enter_volcano_2, cheibrodos_lair_reptile_den,
          serial_bayou_shore_b
Lair:2:   layout_cave_pods, dummy_snake_entry
Lair:3:   layout_misc_corridors, serial_bayou_pond_b
Lair:4:   layout_long_grid, minmay_swamp_entry_swarm, gauntlet_entry_generic,
          uniq_nessos
Lair:5:   layout_regular_city, minmay_slime_entry_jelly_boxes,
          serial_bayou_shore_b, lemuel_fruit_tree, serial_bayou_shore_a
Lair:6:   minmay_lair_end_enchanted_forest, layout_regular_city,
          serial_bayou_shore_b
Swamp:1:  layout_basic_swamp, infiniplex_staircase_pool_2, swamp_pool3,
          hangedman_swamp_pad
Swamp:2:  layout_falls_marsh, nicolae_swamp_dense_foliage, swamp_pool1
Swamp:3:  layout_basic_swamp, serial_swamp_ruin, evilmike_swamp_ruin_wall,
          hangedman_swamp_ruin_wall, swamp_pool5, uniq_louise, uniq_mara
Swamp:4:  swamp_pestilence, layout_basic_swamp, swamp_pool5,
          infiniplex_staircase_pool
Snake:1:  layout_chambers, grunt_megastairs_3, minmay_shop_star
Snake:2:  layout_rooms, basic_altar, minmay_shop_grove, uniq_kirke, uniq_nikola
Snake:3:  layout_layer_cave
Snake:4:  grunt_snake_rune_serpentine_throne, layout_cave_town,
          serial_bayou_shore_b, grunt_megastairs_4, serial_bayou_shore_b
Slime:1:  layout_caves
Slime:2:  layout_caves, nicolae_slime_barrier
Slime:3:  layout_caves
Slime:4:  layout_caves, nicolae_slime_welcoming_committee
Slime:5
Orc:1:    layout_caves, basic_altar
Orc:2:    grunt_orc_gardens, layout_diamond_mine, grunt_orc_garden,
          grunt_orc_garden, grunt_orc_garden, grunt_orc_garden, basic_altar,
          portal_ice_cave_rime
Elf:1:    layout_onion_city, serial_shops, nicolae_shop_statue_plus,
          minivault_27, minmay_shop_enchanted_jewellery, uniq_agnes
Elf:2:    layout_geoelf_octagon, chequers_hall_statues_y, minmay_misc_feat_five,
          uniq_azrael
Elf:3:    grunt_elf_hall_asides, layout_gridlike, serial_shops, shop,
          minmay_fountain_box
Vaults:1: ebering_vaults_ghost_inner_flame, hangedman_vaults_capsules,
          nicolae_vaults_meeting, v_misc_25, v_misc_33, v_pattern_5,
          nicolae_vaults_twisting_passages, vaults_room_pool, v_misc_10,
          ontoclasm_vaults_eye, ontoclasm_vaults_shuriken,
          layout_vaults_omnicross, basic_altar,
          lightli_enter_wizlab_magi_temple, uniq_saint_roka, uniq_aizul
Vaults:2: minmay_crypt_entry_simple_walls, hangedman_vaults_unwind,
          vaults_mumra_minichess_inversion, v_misc_11, vaults_room_octagon,
          hangedman_vaults_hat, nicolae_vaults_network_s, st_squares,
          vaults_mumra_minichess, vaults_room_ringed_pool, layout_vaults_maze,
          basic_altar, uniq_asterion
Vaults:3: nicolae_vaults_display_case, nicolae_vaults_windows_and_doors_thing,
          v_pattern_4, v_misc_27, v_rooms_2, vaults_dpeg_hooks,
          dpeg_vaults_monster_box, nicolae_vaults_theta, layout_vaults_big_room,
          serial_shops, shop
Vaults:4: nicolae_vaults_little_squares_4, v_pattern_2,
          vaults_room_hangedman_quadrants, hangedman_vaults_maws,
          hangedman_vaults_river_flow, ontoclasm_vaults_ring_square,
          vaults_room_door_ring, vaults_mumra_hexcomb, hangedman_vaults_snaps,
          nicolae_vaults_network_square, layout_vaults_ring, serial_shops, shop,
          nicolae_shop_overgrown_old_shop, shop, shop, nicolae_shop_trees
Vaults:5: serial_shops
Depths:1: layout_cave_pools, chequers_serial_rivers_micro_e,
          grunt_mini_vestibule, grunt_decor_fettered, kennysheep_generic_room_6
Depths:2: kennysheep_windowed_halls, layout_cave_shapes, special_room
          [special_room_mythical_zoo], hell_entry, minmay_shoptagon,
          infiniplex_staircase_pillars_1
Depths:3: gammafunk_sealed_library, layout_gridlike, enter_ziggurat_a,
          kennysheep_flooded_box, hell_entry, rand_demon_pan_entry_8,
          minivault_10, kennysheep_generic_room_13,
          minmay_staircase_windowed_small, serial_bayou_shore_b
Depths:4: wad_lake_hut, layout_gridlike, pf_coc_iceberg,
          marbit_kobold_abyss_entry
Depths:5: grunt_x_marks_the_spot, layout_cave_pools, rand_demon_pan_entry_5,
          pf_hell_entry_tar_river, hangedman_glass_teeth, drop_trap

Skill      XL: |  1  2  3  4  5  6  7  8  9 10 11 12 13 14 15 16 17 18 19 20 21 22 23 24 25 26 |
---------------+-------------------------------------------------------------------------------+-----
Invocations    | 1 2 3 4 5 6 7 8 9 10 11 12 13 14 15 16 17 18 | 18.6
Long Blades    | 1 2 3 4 5 6 7 8 9 10 11 12 13 14 15 16 17 | 17.3
Axes           | 1 2 3 4 5 6 7 8 9 10 11 12 13 14 15 16 17 | 17.3
Maces & Flails | 1 2 3 4 5 6 7 8 9 10 11 12 13 14 15 16 17 | 17.3
Polearms       | 1 2 3 4 5 6 7 8 9 10 11 12 13 14 15 16 17 | 17.3
Staves         | 1 2 3 4 5 6 7 8 9 10 11 12 13 14 15 16 17 | 17.3
Slings         | 1 2 3 4 5 6 7 8 9 10 11 12 13 14 15 16 17 | 17.3
Bows           | 1 2 3 4 5 6 7 8 9 10 11 12 13 14 15 16 17 | 17.3
Crossbows      | 1 2 3 4 5 6 7 8 9 10 11 12 13 14 15 16 17 | 17.3
Throwing       | 1 2 3 4 5 6 7 8 9 10 11 12 13 14 15 16 17 | 17.3
Dodging        | 1 2 3 4 5 6 7 8 9 10 11 12 13 14 15 16 17 | 17.3
Stealth        | 1 2 3 4 5 6 7 8 9 10 11 12 13 14 15 16 17 | 17.3
Unarmed Combat | 1 2 3 4 5 6 7 8 9 10 11 12 13 14 15 16 17 | 17.3
Spellcasting   | 1 2 3 4 5 6 7 8 9 10 11 12 13 14 15 16 17 | 17.3
Evocations     | 1 2 3 4 5 6 7 8 9 10 11 12 13 14 15 16 17 | 17.3
Conjurations   | 1 2 3 4 5 6 7 8 9 10 11 12 13 14 | 14.9
Hexes          | 1 2 3 4 5 6 7 8 9 10 11 12 13 14 | 14.9
Summonings     | 1 2 3 4 5 6 7 8 9 10 11 12 13 14 | 14.9
Necromancy     | 1 2 3 4 5 6 7 8 9 10 11 12 13 14 | 14.9
Translocations | 1 2 3 4 5 6 7 8 9 10 11 12 13 14 | 14.9
Transmutations | 1 2 3 4 5 6 7 8 9 10 11 12 13 14 | 14.9
Fire Magic     | 1 2 3 4 5 6 7 8 9 10 11 12 13 14 | 14.9
Ice Magic      | 1 2 3 4 5 6 7 8 9 10 11 12 13 14 | 14.9
Air Magic      | 1 2 3 4 5 6 7 8 9 10 11 12 13 14 | 14.9
Earth Magic    | 1 2 3 4 5 6 7 8 9 10 11 12 13 14 | 14.9
Poison Magic   | 1 2 3 4 5 6 7 8 9 10 11 12 13 14 | 14.9
Short Blades   | 5 6 7 8 9 10 11 12 13 14 15 16 17 | 17.7
Fighting       | 7 8 9 10 11 12 13 14 15 16 17 18 | 18.2
Armour         | 7 8 9 10 11 12 13 14 15 16 17 18 | 18.2
Shields        | 7 8 9 10 11 12 13 14 15 16 17 18 | 18.2

Action                   |  1- 3 |  4- 6 |  7- 9 | 10-12 | 13-15 | 16-18 | 19-21 | 22-24 | 25-27 || total
-------------------------+-------+-------+-------+-------+-------+-------+-------+-------+-------++-------
Melee: Rapier            |    73 |   161 |       |       |       |       |       |       |       ||   234
       Bite              |     8 |    27 |    51 |    37 |    63 |   226 |   316 |   391 |   176 ||  1295
       Falchion          |       |    24 |   241 |       |       |       |       |       |       ||   265
       Halberd           |       |       |    63 |   519 |   568 |    18 |       |       |       ||  1168
       Mace              |       |       |    21 |       |     3 |       |       |       |       ||    24
       Hand axe          |       |       |       |       |       |   947 |  1411 |  1434 |       ||  3792
       Punch             |       |       |       |       |       |     3 |       |       |       ||     3
       Demon trident     |       |       |       |       |       |       |    51 |       |       ||    51
       Broad axe         |       |       |       |       |       |       |       |   537 |   864 ||  1401
       Demon whip        |       |       |       |       |       |       |       |    35 |       ||    35
Throw: Javelin           |       |       |       |       |       |    11 |       |       |       ||    11
Invok: Elemental Force   |       |       |       |       |     2 |     6 |     2 |     1 |     2 ||    13
       Disaster Area     |       |       |       |       |       |     2 |       |     1 |     4 ||     7
       Upheaval          |       |       |       |       |       |    11 |     6 |       |     5 ||    22
  Use: Scroll            |       |     4 |     2 |     3 |    12 |     7 |    25 |     7 |    11 ||    71
       Potion            |       |       |     3 |     1 |     6 |     8 |     3 |     6 |    20 ||    47
 Stab: Distracted        |       |       |       |     1 |     1 |       |     1 |     7 |    13 ||    23
       Confused          |       |       |       |       |       |       |       |     5 |       ||     5
Armor: Scale mail        |    22 |    66 |   121 |   167 |   125 |       |       |       |       ||   501
       Plate armour      |       |       |       |       |    44 |       |       |       |    70 ||   114
       Ring mail         |       |       |       |       |       |   211 |   165 |   327 |    52 ||   755
       Skin              |       |       |       |       |       |     2 |       |       |       ||     2
Dodge: Dodged            |     6 |    51 |   141 |   306 |   334 |   391 |   372 |   655 |   241 ||  2497
       Repelled          |       |       |       |     5 |     9 |    17 |    13 |    39 |     6 ||    89
Block: Kite shield       |    27 |   106 |   193 |       |       |   995 |   668 |       |       ||  1989
       Other             |       |       |     4 |   112 |   221 |    13 |       |       |       ||   350
       Reflection        |       |       |       |       |       |    30 |    68 |   171 |   104 ||   373
       Tower shield      |       |       |       |       |       |       |   606 |  2621 |  1208 ||  4435
       Rpst.: Falchion   |       |     5 |    23 |       |       |       |       |       |       ||    28
       Broad axe         |       |       |       |       |       |       |       |       |    26 ||    26
